 Dungeon Crawl Stone Soup version 0.24-a0-27-gca774cb5d5 (webtiles) character file.

Game seed: 17771067466183281534

54155 AxeAttX the Severer (level 14, -3/135 HPs)
             Began as a Minotaur Assassin on Feb 2, 2019.
             Was the Champion of Makhleb.
             Shot with an arrow by a centaur warrior (11 damage)
             ... on level 15 of the Dungeon.
             The game lasted 00:18:51 (20407 turns).

AxeAttX the Severer (Minotaur Assassin)            Turns: 20407, Time: 00:18:52

Health: -3/135     AC: 21    Str: 19    XL:     14   Next: 33%
Magic:  0/20       EV: 11    Int:  8    God:    Makhleb [******]
Gold:   1382       SH:  0    Dex: 14    Spells: 13/13 levels left

rFire    . . .     SeeInvis +   n - +6 battleaxe (distort)
rCold    . . .     Gourm    .   (shield currently unavailable)
rNeg     . . .     Faith    .   K - +0 plate armour
rPois    +         Spirit   +   (helmet restricted)
rElec    .         Reflect  .   d - +0 cloak
rCorr    .         Harm     .   A - +2 pair of gloves
MR       +....                  j - +0 pair of boots
Stlth    ..........             m - amulet of guardian spirit
HPRegen  0.32/turn              i - ring of see invisible
MPRegen  0.17/turn              o - ring of poison resistance

@: about to teleport, marked, very slightly contaminated, slowed, studying
Staves, very slow
A: retaliatory headbutt, horns 2
a: Minor Destruction, Lesser Servant of Makhleb, Major Destruction, Greater
Servant of Makhleb, Renounce Religion


You were on level 15 of the Dungeon.
You worshipped Makhleb.
Makhleb was exalted by your worship.
You were not hungry.

You visited 3 branches of the dungeon, and saw 21 of its levels.

You collected 1382 gold pieces.

Inventory:

Hand Weapons
 a - a +1 battleaxe
   (You took it off a wight on level 5 of the Dungeon)
 b - a +3 dagger of venom
   (You took it off Ijyb on level 3 of the Dungeon)
 n - a +6 battleaxe of distortion (weapon)
   (You took it off Urug on level 5 of the Lair of Beasts)
 J - a +0 flail
   (You took it off an orc priest on level 3 of the Dungeon)
Missiles
 p - 6 poisoned javelins (quivered)
 Q - 40 poisoned needles
Armour
 d - a +0 cloak (worn)
 j - a +0 pair of boots (worn)
   (You found it on level 9 of the Dungeon)
 A - a +2 pair of gloves (worn)
   (You found it on level 6 of the Dungeon)
 K - a +0 plate armour (worn)
   (You found it on level 11 of the Dungeon)
Jewellery
 c - an uncursed ring of protection from cold
   (You found it on level 1 of the Lair of Beasts)
 i - a ring of see invisible (left hand)
   (You found it on level 9 of the Dungeon)
 k - an uncursed ring of resist corrosion
   (You found it on level 1 of the Lair of Beasts)
 m - an amulet of guardian spirit (around neck)
   (You found it on level 1 of the Dungeon)
 o - a ring of poison resistance (right hand)
   (You found it on level 4 of the Lair of Beasts)
 N - an uncursed amulet of the gourmand {unknown}
   (You found it on level 1 of the Lair of Beasts)
 U - an uncursed ring of flight
   (You found it on level 3 of the Lair of Beasts)
Wands
 g - a wand of scattershot (7)
   (You took it off Urug on level 5 of the Lair of Beasts)
 l - a wand of iceblast (31)
   (You took it off Ijyb on level 3 of the Dungeon)
 v - a wand of digging (8)
   (You found it on level 2 of the Lair of Beasts)
 O - a wand of flame (63)
   (You took it off a big kobold on level 8 of the Dungeon)
 P - a wand of paralysis (13)
   (You found it on level 2 of the Lair of Beasts)
Scrolls
 r - a scroll of identify
 t - 6 scrolls of teleportation
 x - 6 scrolls of magic mapping
 D - 8 scrolls of remove curse
 I - 3 scrolls of holy word
Potions
 h - 7 potions of haste
 q - 8 potions of curing
 s - 2 potions of agility
 B - 2 potions of flight
 C - a potion of might
 E - a potion of brilliance
 F - a potion of ambrosia
 G - 5 potions of degeneration
 H - a potion of invisibility {unknown}
 L - 5 potions of magic
 R - 2 potions of resistance
 T - 7 potions of mutation
Books
 f - a manual of Staves
   (You found it on level 6 of the Lair of Beasts)
Comestibles
 e - 43 rations


   Skills:
 + Level 15.3 Fighting
 - Level 2.1 Short Blades
 + Level 15.9 Axes
 - Level 2.0 Throwing
 + Level 11.3 Armour
 + Level 10.5 Dodging
 - Level 3.2 Stealth
 + Level 9.6 Invocations


You had 13 spell levels left.
You didn't know any spells.
Your spell library contained the following spells:

 Spells                   Type           Power        Failure   Level  Hunger
 Apportation              Tloc           #.....       100%        1    ##.....
 Sting                    Conj/Pois      #...         100%        1    ##.....
 Summon Butterflies       Summ           #.......     100%        1    ##.....
 Summon Small Mammal      Summ           #...         100%        1    ##.....
 Call Imp                 Summ           #.......     100%        2    ###....
 Poisonous Vapours        Pois/Air       #.....       100%        2    ###....
 Call Canine Familiar     Summ           #.......     100%        3    ####...
 Lesser Beckoning         Tloc           #.........   100%        3    ####...
 Mephitic Cloud           Conj/Pois/Air  #.......     100%        3    ####...
 Summon Guardian Golem    Hex/Summ       #.......     100%        3    ####...
 Tukima's Dance           Hex            #.......     100%        3    ####...
 Olgreb's Toxic Radiance  Pois           #.......     100%        4    #####..
 Summon Ice Beast         Ice/Summ       #.......     100%        4    #####..
 Summon Lightning Spire   Summ/Air       #.......     100%        4    #####..
 Alistair's Intoxication  Tmut/Pois      #.......     100%        5    ######.
 Venom Bolt               Conj/Pois      #.........   100%        5    ######.
 Invisibility             Hex            #.......     100%        6    #######


Dungeon Overview and Level Annotations

Branches:
Dungeon (13/15)            Temple (1/1) D:5            Lair (6/6) D:9
 Shoals (0/4) Lair:2        Snake (0/4) Lair:2        Slime (0/5) Lair:6
    Orc (0/2) D:12         Vaults (0/5) D:13

Altars:
Ashenzari
Cheibriados
Dithmenos
Elyvilon
Fedhas
Gozag
Hepliaklqana
Kikubaaqudgha
Makhleb
Nemelex Xobeh
Okawaru
Qazlal
Ru
Sif Muna
Trog
Uskayaw
Vehumet
Wu Jian
Xom
Yredelemnul
Zin
The Shining One
Jiyva

Shops:
D:10 (

Portals:
Hell: Lair:6

Annotations:
D:2 1 runed translucent door, Crazy Yiuf
Lair:4 2 transporters, guttsta's ghost, journeyman HONe
Abyss:1 Rupert


Innate Abilities, Weirdness & Mutations

You reflexively headbutt those who attack you in melee.
You have a pair of horns on your head.


Message History

The vampire mosquito draws strength from your injuries!
The vampire mosquito bites you but does no damage.
The centaur shoots an arrow.
The arrow hits you but does no damage. The vampire mosquito bites you.
The vampire mosquito draws strength from your injuries!
You open the vampire mosquito like a pillowcase!!!
You destroy the vampire mosquito!
Makhleb accepts your kill.
You feel better.
You closely miss the vampire mosquito. You hit the vampire mosquito.
Space bends around the vampire mosquito.
You slice the vampire mosquito!!
The vampire mosquito disappears!
The vampire mosquito bites you but does no damage.
The centaur warrior shoots an arrow.
The arrow hits you.
The centaur wields a +0 shortbow.
The centaur shoots an arrow.
The arrow hits you but does no damage. The vampire mosquito bites you.
The vampire mosquito draws strength from your injuries!
The centaur warrior shoots an arrow.
The arrow hits you!
* * * LOW HITPOINT WARNING * * *
x2 The vampire mosquito barely misses you.
You furiously retaliate!
You headbutt the vampire mosquito. The vampire mosquito barely misses you.
You furiously retaliate!
You headbutt the vampire mosquito!
The orc throws a tomahawk.
The tomahawk hits you but does no damage.
Okay, then.
You slice the vampire mosquito!!
You destroy the vampire mosquito!
Makhleb accepts your kill.
You feel better.
You slash the vampire mosquito!
You destroy the vampire mosquito!
Makhleb accepts your kill.
You feel better.
You slice the centaur warrior skeleton!!
You destroy the centaur warrior skeleton!
Makhleb accepts your kill.
The centaur shoots an arrow.
The arrow hits you but does no damage.
The centaur warrior shoots an arrow.
The arrow closely misses you.
The centaur shoots an arrow.
The arrow completely misses you.
The centaur shoots an arrow.
The arrow hits you but does no damage.
The centaur warrior shoots an arrow.
The arrow barely misses you.
You slash the ettin!
Space warps horribly around the ettin!
The ettin is moderately wounded.
The centaur shoots an arrow.
The arrow hits you but does no damage.
The centaur shoots an arrow.
The arrow barely misses you.
The orc throws a tomahawk.
The tomahawk hits you but does no damage.
The centaur warrior shoots an arrow.
The arrow barely misses you.
The centaur shoots an arrow.
The arrow misses you. The ettin completely misses you.
The ettin hits you with a +0 dire flail!!
* * * LOW HITPOINT WARNING * * *
A deep troll comes into view.
Okay, then.
Okay, then.
As you read the scroll of fear, it crumbles to dust.
You assume a fearsome visage.
The centaur warrior resists with some effort.
The deep troll looks frightened!
The ettin looks frightened!
The centaur warrior looks frightened!
The centaur looks frightened!
The centaur resists with some effort.
The centaur looks frightened! x3
The wraith is unaffected.
The orc looks frightened!
The wizard looks frightened!
The centaur shoots an arrow.
The arrow barely misses you.
The centaur warrior shoots an arrow.
The arrow hits you.
* * * LOW HITPOINT WARNING * * *
The wizard gestures wildly while chanting.
The wizard flickers and vanishes for a moment.
The ettin yells, "Help!"
The centaur warrior shoots an arrow.
The arrow barely misses you.
The centaur warrior gives up.
Okay, then.
Okay, then.
As you read the scroll of fear, it crumbles to dust.
You assume a fearsome visage.
The centaur warrior easily resists.
The centaur looks frightened!
The wraith is unaffected.
The cyclops looks frightened!
Cornered, the wizard turns to fight!
The wizard casts a spell at you. You resist with some effort.
The centaur warrior shoots an arrow.
The arrow hits you but does no damage.
An orc comes into view. It is wielding a +0 mace.
As you read the scroll of teleportation, it crumbles to dust.
You feel strangely unstable.
The centaur tries to recover its lost courage.
The centaur warrior shoots an arrow.
The arrow hits you!
* * * LOW HITPOINT WARNING * * *
The wizard barely misses you.
An orc warrior comes into view. It is wielding a +0 mace.
The wraith hits you.
* * * LOW HITPOINT WARNING * * *
The wraith drains your vigour!
You feel yourself slow down.
Okay, then.
You feel better.
The centaur warrior shoots an arrow.
The arrow hits you but does no damage.
The wizard gestures at you while chanting.
The bolt of lightning misses you.
A sky beast comes into view.
The wraith completely misses you. You furiously retaliate!
You headbutt the wraith, but do no damage.
The centaur warrior shoots an arrow.
The arrow hits you!
You die...

..$.......c......
..C..Y...........
#....oo((........
##.......s.......
#.....).........
#........c......
#...............
##...Wp.........
#.##(@...#.....
## #(†...C#....
#(._........
#.......!...
#......##. .
####...# .. ####


You could see an ettin (fleeing), a wolf spider, a centaur warrior, a cyclops
(fleeing), a wizard (invisible), a wraith, an orc warrior, a sky beast and an
orc.

Vanquished Creatures
  5 hydras
  2 vault guards (D:13)
  A centaur warrior (D:11)
  A two-headed ogre (D:9)
  A tengu warrior (D:15)
  A queen ant (D:10)
  Urug (Lair:5)
  A sixfirhy (Lair:6)
  3 unseen horrors
  A lindwurm (Lair:3)
  A wizard (Lair:6)
  3 manticores
  3 elephants (Lair:6)
  6 black mambas
  A smoke demon (Lair:6)
  A gargoyle (D:13)
  11 spiny frogs
  9 komodo dragons
  6 rime drakes
  3 meliai (D:15)
  2 ice devils (Lair:6)
  2 trolls
  2 hornets
  16 blink frogs
  8 hippogriffs
  A shadow (D:13)
  22 yaks
  A wraith (D:12)
  Eustachio (D:5)
  3 wyverns
  2 basilisks
  2 hungry ghosts
  7 vampire mosquitoes
  2 steam dragons (D:6)
  3 acid dragons
  5 nagas (Lair:2)
  15 soldier ants (D:10)
  A hell hound (Lair:6)
  10 water moccasins
  2 orc warriors
  8 porcupines
  4 sky beasts
  3 black bears
  An ice beast (D:5)
  12 ogres
  2 necrophages
  6 wolves
  9 centaurs
  13 crocodiles
  5 big kobolds
  16 bullfrogs
  2 wyvern zombies
  3 gnoll sergeants (D:12)
  3 scorpions
  6 killer bees (D:11)
  A vampire bat (D:5)
  12 wights
  4 howler monkeys
  9 crimson imps
  2 bullfrog zombies
  6 orc priests
  4 hounds
  4 centaur skeletons
  2 centaur zombies
  A bullfrog skeleton (D:11)
  A gnoll shaman (D:7)
  2 jellies
  10 orc wizards
  Jessica (D:3)
  Ijyb (D:3)
  2 iguanas
  Natasha (twice) (D:3)
  22 worker ants
  A hound zombie (D:5)
  17 gnolls
  5 adders
  A shadow imp (D:13)
  2 adder skeletons
  4 worms
  5 dart slugs
  2 leopard geckos
  43 orcs
  5 giant cockroaches
  6 hobgoblins
  6 jackals
  5 kobolds
  4 ball pythons
  12 bats
  4 frilled lizards
  8 goblins
  2 leopard gecko skeletons
  5 rats
  6 fungi
  4 plants
494 creatures vanquished.

Vanquished Creatures (collateral kills)
  A hydra (Lair:6)
  An orange demon (Lair:6)
  A rime drake (Lair:6)
  A red devil (Lair:6)
  An ice devil (Lair:6)
  A blink frog (Lair:6)
  A hippogriff (Lair:6)
  2 water moccasins (Lair:6)
9 creatures vanquished.

Vanquished Creatures (others)
  2 vault guards (D:13)
  A two-headed ogre (D:15)
  An unseen horror (D:15)
  An orange demon (Lair:6)
  A rime drake (Lair:6)
  A polar bear (Lair:6)
  A hippogriff (Lair:6)
  A basilisk (Lair:6)
  A yak (Lair:6)
  2 hell hounds (Lair:6)
  2 soldier ants (D:10)
  An ogre (D:12)
  A centaur zombie (D:12)
  4 fungi
  5 plants
25 creatures vanquished.

Grand Total: 528 creatures vanquished

Notes
Turn   | Place    | Note
-------+----------+-------------------------------------------
     0 | D:1      | AxeAttX the Minotaur Assassin began the quest for the Orb.
     0 | D:1      | Reached XP level 1. HP: 18/18 MP: 0/0
   108 | D:1      | Reached skill level 3 in Fighting
   186 | D:1      | Reached XP level 2. HP: 26/26 MP: 1/1
   453 | D:1      | Reached skill level 4 in Fighting
   785 | D:2      | Reached XP level 3. HP: 34/34 MP: 2/2
  1102 | D:2      | Reached skill level 5 in Fighting
  1435 | D:2      | Found a runed translucent door.
  1436 | D:2      | Noticed Crazy Yiuf
  1610 | D:3      | Reached XP level 4. HP: 42/42 MP: 3/3
  1735 | D:3      | Noticed Jessica
  1740 | D:3      | Killed Jessica
  1756 | D:3      | Reached skill level 6 in Fighting
  1767 | D:3      | Reached XP level 5. HP: 33/51 MP: 2/4
  2087 | D:3      | Noticed Natasha
  2095 | D:3      | Killed Natasha
  2243 | D:3      | Reached skill level 7 in Fighting
  2573 | D:3      | Noticed Natasha
  2580 | D:3      | Killed Natasha
  2580 | D:3      | Reached XP level 6. HP: 52/61 MP: 3/5
  2712 | D:3      | Noticed Ijyb
  2726 | D:3      | Killed Ijyb
  3066 | D:4      | You fall through a shaft!
  3066 | D:5      | Entered Level 5 of the Dungeon
  3075 | D:5      | Reached skill level 8 in Fighting
  3160 | D:5      | Reached skill level 9 in Fighting
  3194 | D:5      | Found a staircase to the Ecumenical Temple.
  3264 | Temple   | Entered the Ecumenical Temple
  3478 | Temple   | Became a worshipper of Makhleb the Destroyer
  3531 | D:5      | Reached XP level 7. HP: 43/70 MP: 2/6
  3753 | D:5      | Reached skill level 10 in Fighting
  3803 | D:5      | Noticed Eustachio
  3826 | D:5      | Killed Eustachio
  3916 | D:5      | Found an ornate altar of the Wu Jian Council.
  4043 | D:5      | Reached skill level 11 in Fighting
  4137 | D:5      | Reached XP level 8. HP: 81/82 MP: 7/7
  4206 | D:5      | Reached skill level 2 in Axes
  4339 | D:6      | Reached skill level 3 in Axes
  4365 | D:6      | Reached * piety under Makhleb
  4365 | D:6      | Reached skill level 4 in Axes
  4498 | D:6      | Reached skill level 5 in Axes
  4587 | D:6      | Reached skill level 6 in Axes
  4956 | D:6      | Reached skill level 7 in Axes
  4969 | D:6      | Reached skill level 8 in Axes
  4969 | D:6      | Reached XP level 9. HP: 59/89 MP: 5/8
  5327 | D:6      | Reached skill level 9 in Axes
  6051 | D:7      | Reached ** piety under Makhleb
  6089 | D:7      | Reached skill level 10 in Axes
  7268 | D:8      | Reached skill level 11 in Axes
  7483 | D:8      | Noticed a manticore
  7490 | D:8      | Killed a manticore
  7490 | D:8      | Reached skill level 12 in Axes
  7818 | D:8      | Reached XP level 10. HP: 94/96 MP: 9/9
  7957 | D:9      | Reached skill level 1 in Armour
  7958 | D:9      | Reached *** piety under Makhleb
  7958 | D:9      | Reached skill level 1 in Invocations
  7968 | D:9      | Reached skill level 2 in Dodging
  8250 | D:9      | Found a staircase to the Lair.
  8260 | D:9      | Reached skill level 2 in Armour
  8286 | D:9      | Reached skill level 2 in Invocations
  8534 | D:9      | Noticed a two-headed ogre
  8547 | D:9      | Killed a two-headed ogre
  8547 | D:9      | Reached skill level 3 in Armour
  8547 | D:9      | Reached skill level 3 in Dodging
  9181 | Lair:1   | Entered Level 1 of the Lair of Beasts
  9190 | Lair:1   | Found a frozen archway.
  9193 | Lair:1   | Reached skill level 12 in Fighting
  9193 | Lair:1   | Reached skill level 3 in Invocations
  9289 | Lair:1   | Reached skill level 4 in Armour
  9293 | Lair:1   | Reached skill level 4 in Dodging
  9337 | Lair:1   | Reached skill level 13 in Axes
  9632 | Lair:1   | Reached XP level 11. HP: 74/105 MP: 8/12
  9636 | Lair:1   | Reached skill level 4 in Invocations
  9747 | Lair:1   | Reached skill level 5 in Armour
 10303 | Lair:2   | Reached skill level 5 in Dodging
 10310 | Lair:2   | Noticed a six-headed hydra
 10323 | Lair:2   | Killed a six-headed hydra
 11063 | Lair:2   | Reached **** piety under Makhleb
 11079 | Lair:2   | Reached skill level 6 in Armour
 11362 | Lair:2   | Reached skill level 5 in Invocations
 11379 | Lair:2   | Found a staircase to the Shoals.
 11672 | Lair:2   | Found a staircase to the Snake Pit.
 12337 | Lair:3   | Reached skill level 6 in Dodging
 12599 | Lair:3   | Noticed a lindwurm
 12610 | Lair:3   | Killed a lindwurm
 12610 | Lair:3   | Reached skill level 13 in Fighting
 13463 | Lair:4   | Reached skill level 7 in Armour
 13515 | Lair:4   | Reached XP level 12. HP: 65/115 MP: 8/15
 13519 | Lair:4   | Reached skill level 6 in Invocations
 13537 | Lair:4   | Reached skill level 14 in Axes
 13773 | Lair:4   | Found a transporter.
 13778 | Lair:4   | Noticed a six-headed hydra
 13779 | Lair:4   | Noticed guttsta's ghost (journeyman HONe)
 13779 | Lair:4   | Noticed a six-headed hydra
 13791 | Lair:4   | Found a transporter.
 13825 | Lair:4   | Reached skill level 7 in Dodging
 14886 | Lair:5   | Noticed Urug
 14903 | Lair:5   | Killed Urug
 15402 | Lair:5   | Reached skill level 8 in Armour
 15615 | Lair:6   | Entered Level 6 of the Lair of Beasts
 15707 | Lair:6   | Reached ***** piety under Makhleb
 15825 | Lair:6   | Reached skill level 7 in Invocations
 15852 | Lair:6   | Reached skill level 8 in Dodging
 15932 | Lair:6   | Noticed a four-headed hydra
 15934 | Lair:6   | Noticed a six-headed hydra
 16068 | Lair:6   | Found a viscous altar of Jiyva.
 16068 | Lair:6   | Found a staircase to the Slime Pits.
 16135 | Lair:6   | HP: 16/116 [11-headed hydra (3)]
 16144 | Lair:6   | Killed a 12-headed hydra
 16369 | Lair:6   | Killed an 11-headed hydra
 16369 | Lair:6   | Reached skill level 14 in Fighting
 16372 | Lair:6   | Reached skill level 9 in Armour
 16501 | Lair:6   | Noticed a six-headed hydra
 16507 | Lair:6   | Killed an eight-headed hydra
 16886 | Lair:6   | Reached XP level 13. HP: 124/124 MP: 17/17
 17299 | Lair:6   | Found a burning altar of Makhleb.
 17313 | Lair:6   | Reached skill level 8 in Invocations
 17317 | Lair:6   | Reached skill level 15 in Axes
 17651 | Lair:6   | Found a gateway to Hell.
 17717 | Lair:6   | Reached skill level 9 in Dodging
 17953 | Lair:6   | Noticed Rupert
 17957 | Lair:6   | Banished Rupert
 18139 | Lair:6   | Reached skill level 10 in Armour
 18323 | D:10     | Entered Level 10 of the Dungeon
 18323 | D:10     | Found Imuonut's Weapon Boutique.
 19014 | D:11     | Paralysed by a hornet for 3 turns
 19359 | D:11     | Identified the +8 flail of a Gauntlet {protect, +Fly}
 19523 | D:12     | Reached skill level 9 in Invocations
 19549 | D:12     | Found a staircase to the Orcish Mines.
 19731 | D:13     | Reached skill level 10 in Dodging
 19749 | D:13     | Reached ****** piety under Makhleb
 19753 | D:13     | Reached skill level 15 in Fighting
 19755 | D:13     | Found a gate to the Vaults.
 19788 | D:13     | Reached XP level 14. HP: 135/135 MP: 15/19
 19915 | D:13     | Reached skill level 11 in Armour
 20056 | D:13     | Identified the +3 dagger "Lutees" {pierce, *Corrode rPois
                  | Str+6 Int+4}
 20374 | D:13     | You fall through a shaft for 2 floors!
 20374 | D:15     | Entered Level 15 of the Dungeon
 20374 | D:15     | Found a glowing silver altar of Zin.
 20396 | D:15     | HP: 18/135 [centaur warrior/arrow (3)]
 20403 | D:15     | HP: 17/135 [ettin/+0 dire flail (24)]
 20406 | D:15     | HP: 2/135 [centaur warrior/arrow (11)]
 20407 | D:15     | Shot with an arrow by a centaur warrior

Vault maps used:
D:1:      kennysheep_arrival_seaside, hangedman_abyss_or_decor_lesser_grid,
          kennysheep_decorative_pillar
D:2:      chequers_serial_rivers_small_3, kennysheep_potato,
          uniq_crazy_yiuf_cottage
D:3:      minmay_misc_feat_more_columns, uniq_jessica, uniq_natasha, uniq_ijyb
D:5:      old_standard_altar, temple_green, first_ration, roderic_batcave,
          moated_statue, kennysheep_generic_room_5, uniq_eustachio
D:6:      cheibrodos_steamvent, lightli_orcish_oven
D:8:      blue_anna_alchemist, chequers_arboretum
D:9:      due_lair_maze_entry_diamond
D:10:     serial_shops, shop_statue, minivault_29
D:12:     kennysheep_orc_monster_closet_entryway, serial_shops, kennysheep_mini,
          grunt_decor_mini_mirrors, bh_circular_ruins, uniq_fannar
D:13:     lightli_vaults_fourway_checkpoint, serial_column_ruins,
          column_ruins_open_small_water, column_ruins_columns_corner,
          column_ruins_open_small_water, column_ruins_grid_1
D:15:     hangedman_depths_entry_civil_slaughter, gauntlet_entry_generic,
          nrook_pool_corridor, basic_altar
Temple:   compressed_dpeg_triangle_lava_temple
Lair:1:   portal_ice_cave_rime, grunt_megastairs_2
Lair:2:   shoals_dummy_entry, minmay_snake_entry_guardpost_medium,
          minmay_lair_oklob_chamber
Lair:3:   lemuel_fruit_tree
Lair:4:   gammafunk_ghost_berserking_beasts
Lair:5:   uniq_urug
Lair:6:   evil_forest, slime_altar_1, uniq_rupert

Skill      XL: |  1  2  3  4  5  6  7  8  9 10 11 12 13 14 |
---------------+-------------------------------------------+-----
Fighting       | 3 4 5 6 7 9 11 12 13 14 15 | 15.3
Axes           | 8 12 13 14 15 | 15.9
Armour         | 4 7 9 10 11 | 11.3
Invocations    | 3 5 7 9 |  9.6
Dodging        | 4 6 8 10 | 10.5
Short Blades   | |  2.1
Throwing       | |  2.0
Stealth        | |  3.2

Action                   |  1- 3 |  4- 6 |  7- 9 | 10-12 | 13-15 || total
-------------------------+-------+-------+-------+-------+-------++-------
Melee: Dagger            |    91 |   138 |    86 |    10 |       ||   325
       Headbutt          |    17 |    25 |    71 |    99 |    84 ||   296
       Battleaxe         |       |       |   255 |   509 |   405 ||  1169
Invok: Lesser Servant of |       |       |       |     7 |     2 ||     9
       Minor Destruction |       |       |       |     1 |       ||     1
  Use: Scroll            |     4 |       |     7 |    10 |     8 ||    29
       Potion            |       |       |       |     8 |     4 ||    12
 Stab: Sleeping          |     6 |     1 |       |       |       ||     7
       Distracted        |       |       |       |     1 |       ||     1
  Eat: Chunk             |     2 |     6 |    14 |    18 |    11 ||    51
       Ration            |       |       |       |     3 |     1 ||     4
Armor: Robe              |    35 |     7 |       |       |       ||    42
       Scale mail        |       |    25 |   222 |   257 |    91 ||   595
       Plate armour      |       |       |       |       |   180 ||   180
Dodge: Dodged            |    68 |    59 |   199 |   350 |   301 ||   977

Table legend:
 A = Non-vault XP
 B = Vault XP
 C = Vault XP percentage of total XP
 D = Non-vault monster count
 E = Vault monster count
 F = Vault count percentage of total count
                 A         B        C        D         E       F
            +---------+---------+-------+---------+---------+-------
      Total |   52621 |   24744 |  32.0 |     375 |     135 |  26.5
            +---------+---------+-------+---------+---------+-------
        D:1 |      35 |       0 |   0.0 |      16 |       0 |   0.0
        D:2 |      55 |       0 |   0.0 |      23 |       0 |   0.0
        D:3 |     232 |     108 |  31.8 |      19 |       3 |  13.6
        D:4 |       8 |       0 |   0.0 |       2 |       0 |   0.0
        D:5 |     878 |     386 |  30.5 |      25 |      10 |  28.6
        D:6 |    1174 |     515 |  30.5 |      20 |       8 |  28.6
        D:7 |     686 |       0 |   0.0 |      34 |       0 |   0.0
        D:8 |    1420 |     100 |   6.6 |      19 |       1 |   5.0
        D:9 |    1704 |    1018 |  37.4 |      17 |       8 |  32.0
       D:10 |     633 |    4057 |  86.5 |       5 |      36 |  87.8
       D:11 |    4590 |       0 |   0.0 |      32 |       0 |   0.0
       D:12 |    1211 |    1586 |  56.7 |       8 |      20 |  71.4
       D:13 |    6241 |    4830 |  43.6 |      31 |      12 |  27.9
       D:15 |    4813 |     453 |   8.6 |      12 |       1 |   7.7
     Lair:1 |    2983 |     972 |  24.6 |      15 |       4 |  21.1
     Lair:2 |    3361 |     778 |  18.8 |      10 |       5 |  33.3
     Lair:3 |    3415 |       0 |   0.0 |      12 |       0 |   0.0
     Lair:4 |    4849 |       0 |   0.0 |      25 |       0 |   0.0
     Lair:5 |    2104 |     640 |  23.3 |      10 |       1 |   9.1
     Lair:6 |   12229 |    9301 |  43.2 |      40 |      26 |  39.4
            +---------+---------+-------+---------+---------+-------

Vault maps used:
D:1:      kennysheep_arrival_seaside, hangedman_abyss_or_decor_lesser_grid,
          kennysheep_decorative_pillar
D:2:      chequers_serial_rivers_small_3, kennysheep_potato,
          uniq_crazy_yiuf_cottage
D:3:      minmay_misc_feat_more_columns, uniq_jessica, uniq_natasha, uniq_ijyb
D:5:      old_standard_altar, temple_green, first_ration, roderic_batcave,
          moated_statue, kennysheep_generic_room_5, uniq_eustachio
D:6:      cheibrodos_steamvent, lightli_orcish_oven
D:8:      blue_anna_alchemist, chequers_arboretum
D:9:      due_lair_maze_entry_diamond
D:10:     serial_shops, shop_statue, minivault_29
D:12:     kennysheep_orc_monster_closet_entryway, serial_shops, kennysheep_mini,
          grunt_decor_mini_mirrors, bh_circular_ruins, uniq_fannar
D:13:     lightli_vaults_fourway_checkpoint, serial_column_ruins,
          column_ruins_open_small_water, column_ruins_columns_corner,
          column_ruins_open_small_water, column_ruins_grid_1
D:15:     hangedman_depths_entry_civil_slaughter, gauntlet_entry_generic,
          nrook_pool_corridor, basic_altar
Temple:   compressed_dpeg_triangle_lava_temple
Lair:1:   portal_ice_cave_rime, grunt_megastairs_2
Lair:2:   shoals_dummy_entry, minmay_snake_entry_guardpost_medium,
          minmay_lair_oklob_chamber
Lair:3:   lemuel_fruit_tree
Lair:4:   gammafunk_ghost_berserking_beasts
Lair:5:   uniq_urug
Lair:6:   evil_forest, slime_altar_1, uniq_rupert

Table legend:
 A = Turns spent in this place as a percentage of turns spent in the entire game.
 B = Non-inter-level travel turns spent in this place as a percentage of non-inter-level travel turns spent in the entire game.
 C = Inter-level travel turns spent in this place as a percentage of turns spent in this place.
 D = Turns resting spent in this place as a percentage of non-inter-level travel turns spent in this place.
 E = Turns spent auto-exploring this place as a percentage of non-inter-level travel turns spent in this place.
 F = Non-inter-level travel turns spent in this place divided by the number of levels of this place that you've seen.
                   A       B       C       D       E      F
               +-------+-------+-------+-------+-------+----------------------
         Total | 100.0 | 100.0 |   3.3 |   9.7 |  75.6 | 939.7
       Dungeon |  54.2 |  54.2 |   3.3 |   3.8 |  78.6 | 763.5
        Temple |   1.1 |   1.1 |   5.3 |   0.0 |  89.8 | 216.0
          Lair |  44.7 |  44.7 |   3.2 |  17.1 |  71.5 | 1471.3
               +-------+-------+-------+-------+-------+----------------------

Table legend:
 A = Kills in this place as a percentage of kills in entire the game.
 B = Kills by you in this place as a percentage of kills by you in the entire game.
 C = Kills by friends in this place as a percentage of kills by friends in the entire game.
 D = Other kills in this place as a percentage of other kills in the entire game.
 E = Experience gained in this place as a percentage of experience gained in the entire game.
 F = Experience gained in this place divided by the number of levels of this place that you have seen.
                   A       B       C       D       E      F
               +-------+-------+-------+-------+-------+----------------------
         Total | 100.0 | 100.0 | 100.0 | 100.0 | 100.0 | 3684.0
       Dungeon |  71.0 |  73.3 |   0.0 |  41.2 |  47.5 | 2623.8
          Lair |  29.0 |  26.7 | 100.0 |  58.8 |  52.5 | 6772.0
               +-------+-------+-------+-------+-------+----------------------
